 Dungeon Crawl Stone Soup version 0.31-a0-977-gc230f8ef24 (webtiles) character file.

Game seed: 16399233486571385770

33 Shayle the Ducker (level 3, -3/21 HPs)
             Began as a Tengu Hexslinger on Oct 30, 2023.
             Killed from afar by Natasha (6 damage)
             ... with a magic dart
             ... on level 2 of the Dungeon.
             The game lasted 00:02:10 (881 turns).

Shayle the Ducker (Tengu Hexslinger)                 Turns: 881, Time: 00:02:12

Health: -3/21      AC:  5    Str: 10    XL:     3   Next: 29%
Magic:  5/5        EV: 11    Int: 13    God:
Gold:   81         SH:  0    Dex: 16    Spells: 2/4 levels left

rFire   . . .        a - +1 sling
rCold   . . .        (no shield)
rNeg    . . .        i - +0 ring mail
rPois   .            (helmet restricted)
rElec   .            (no cloak)
rCorr   .            (no gloves)
SInv    .            (boots unavailable)
Will    .....        (no amulet)
Stlth   +            (no ring)
HPRegen 0.23/turn    (no ring)
MPRegen 0.09/turn

%: acrobat
@: no status effects
A: beak, talons 3, acrobatic
a: no special abilities


You were on level 2 of the Dungeon.
You visited 1 branch of the dungeon, and saw 2 of its levels.

You collected 81 gold pieces.

Inventory:

Hand Weapons
 a - a +1 sling (weapon)
Armour
 c - a +0 robe
 i - a +0 ring mail (worn)
Jewellery
 d - a +6 ring of intelligence
Scrolls
 b - a scroll of poison
 e - 2 scrolls of teleportation {unknown}
 f - 2 scrolls of identify {unknown}
 g - a scroll of revelation {unknown}
Potions
 h - a potion of curing {unknown}
 j - a potion of heal wounds {unknown}


   Skills:
 + Level 2.2 Fighting
 - Level 2.1 Ranged Weapons
 + Level 3.2 Dodging
 - Level 1.0 Spellcasting
 - Level 2.1 Hexes
 - Level 1.1 Fire Magic


You had 2 spell levels left.
You knew the following spells:

 Your Spells              Type           Power      Damage    Failure   Level
a - Jinxbite              Hex            12%        N/A       41%         2

Your spell library contained the following spells:

 Spells                   Type           Power      Damage    Failure   Level
 Sigil of Binding         Hex            6%         N/A       65%         3
 Inner Flame              Hex/Fire       4%         N/A       75%         3
 Cause Fear               Hex            3%         N/A       96%         4
 Dimensional Bullseye     Hex/Tloc       1%         N/A       99%         4


Dungeon Overview and Level Annotations

Branches:
Dungeon (2/15)

Altars:
Cheibriados

Annotations:
D:2 Natasha


Innate Abilities, Weirdness & Mutations

You have a beak for a mouth.
You have claws for feet.
You can magically evade attacks while moving or waiting.


Message History

The ball python closely misses you. The ball python grabs you.
The ball python constricts you.
You shoot a sling bullet. The sling bullet hits the ball python.
You kill the ball python!
No target in view!
Found a falchion.
No target in view!
Natasha, Servant of Life and Death comes into view.
Found 17 gold pieces.
Natasha hisses angrily.
You shoot a sling bullet.
The sling bullet closely misses Natasha.
Natasha stares at you and mumbles some strange words.
The magic dart hits you!
Natasha is nearby!
You shoot a sling bullet.
The sling bullet closely misses Natasha.
You shoot a sling bullet.
The sling bullet hits Natasha but does no damage.
You shoot a sling bullet.
The sling bullet closely misses Natasha.
Natasha completely misses you.
You shoot a sling bullet. The sling bullet hits Natasha.
Natasha is lightly wounded.
Natasha stares at you and mumbles some strange words.
The magic dart hits you. Natasha claws you!
* * * LOW HITPOINT WARNING * * *
Unknown command.
You shoot a sling bullet. The sling bullet hits Natasha.
Natasha is heavily wounded.
Natasha claws you but does no damage.
You shoot a sling bullet. The sling bullet barely misses Natasha.
Natasha claws you.
* * * LOW HITPOINT WARNING * * *
Natasha mumbles some strange words.
Natasha's front paws start to glow.
Natasha casts a spell at you. The magic dart hits you.
You die...
Natasha begins licking her fur clean.

#...# ######
##.##
##....####..#
#..##...##.##
#.#####....#
#.# ###..#
##.# ##.#
#..# ##.#
#@## #..#
#.h.# #..#
$...### ##..#
.).### #...#
#. ##...#
####..###
##..)†.#
###..##.##
#...###.#


You could see Natasha.

Vanquished Creatures
  A dart slug (D:1)
  6 goblins (D:1)
  3 hobgoblins (D:1)
  3 jackals (D:2)
  A quokka (D:1)
  3 ball pythons
  5 bats (D:1)
  A frilled lizard (D:1)
  3 kobolds (D:1)
  3 rats (D:1)
29 creatures vanquished.

Notes
Turn   | Place    | Note
-------+----------+-------------------------------------------
     0 | D:1      | Shayle the Tengu Hexslinger began the quest for the Orb.
     0 | D:1      | Reached XP level 1. HP: 12/12 MP: 3/3
   119 | D:1      | Reached XP level 2. HP: 16/16 MP: 4/4
   276 | D:1      | Reached skill level 3 in Dodging
   407 | D:1      | Reached XP level 3. HP: 21/21 MP: 5/5
   697 | D:1      | Learned a level 2 spell: Jinxbite
   792 | D:2      | Found a snail-covered altar of Cheibriados.
   874 | D:2      | Noticed Natasha
   881 | D:2      | Killed from afar by Natasha

Illustrated notes

Levels and vault maps discovered:
D:1:      arrival_zaba_pyramid, layout_rooms,
          nicolae_concentric_dashed_squares_mild
D:2:      layout_rooms, basic_altar, uniq_natasha

Skill      XL: |  1  2 |
---------------+-------+-----
Fighting       | 2 |  2.2
Dodging        | 3 |  3.2
Ranged Weapons | |  2.1
Spellcasting   | |  1.0
Hexes          | |  2.1
Fire Magic     | |  1.1

Action                     || total
---------------------------++-------
   Fire: Sling             ||    87
 Armour: Robe              ||     9
         Ring mail         ||    13
  Dodge: Dodged            ||    32

Table legend: (Time is in decaauts)
 A = Elapsed time spent in this place.
 B = Non-inter-level travel time spent in this place.
 C = Inter-level travel time spent in this place.
 D = Time resting spent in this place.
 E = Time spent auto-exploring this place.
 F = Levels seen in this place.
 G = Mean time per level.
                   A        B        C        D        E       F      G
               +--------+--------+--------+--------+--------+-----+--------+
         Total |    909 |    779 |    130 |      0 |    580 |   2 |  454.5 |
       Dungeon |    909 |    779 |    130 |      0 |    580 |   2 |  454.5 |
               +--------+--------+--------+--------+--------+-----+--------+

Top non-repeatable levels by time:
     D:1: 761 daAuts
     D:2: 148 daAuts
